 Dungeon Crawl Stone Soup version 0.24-a0-416-g56ce5178b7 (webtiles) character file.

Game seed: 7270518034629703744

31 theanonym the Conjurer (level 3, -2/19 HPs)
             Began as a Deep Elf Conjurer on June 8, 2019.
             Slain by a white imp (5 damage)
             ... summoned by Natasha
             ... on level 2 of the Dungeon.
             The game lasted 00:01:56 (854 turns).

theanonym the Conjurer (Deep Elf Conjurer)           Turns: 854, Time: 00:01:57

Health: -2/19      AC:  2    Str:  5    XL:     3   Next: 7%
Magic:  5/10       EV: 12    Int: 20    God:
Gold:   63         SH:  4    Dex: 15    Spells: 8/9 levels left

rFire    . . .     SeeInvis .   a - +1 dagger (venom)
rCold    . . .     Gourm    .   f - +0 buckler
rNeg     . . .     Faith    .   j - +0 robe
rPois    .         Spirit   .   (no helmet)
rElec    .         Reflect  .   (no cloak)
rCorr    .         Harm     .   (no gloves)
MR       .....                  (no boots)
Stlth    ++........             (no amulet)
HPRegen  0.06/turn              (no ring)
MPRegen  0.12/turn              (no ring)

@: very slightly contaminated, slowed, very slow
A: no striking features
a: no special abilities


   Skills:
 - Level 2.4 Dodging
 - Level 2.4 Stealth
 + Level 1.0 Shields
 + Level 3.8 Spellcasting
 + Level 4.8 Conjurations


You had 8 spell levels left.
You knew the following spells:

 Your Spells              Type           Power        Failure   Level  Hunger
a - Magic Dart            Conj           ###.         2%          1    None

Your spell library contained the following spells:

 Spells                   Type           Power        Failure   Level  Hunger
 Searing Ray              Conj           ###...       4%          2    ##.....
 Dazzling Spray           Conj/Hex       ##....       22%         3    ###....
 Iskenderun's Mystic Bla  Conj           ###.....     26%         4    ####...
 Force Lance              Conj/Tloc      ##......     56%         4    ####...
 Fulminant Prism          Conj/Hex       ##........   56%         4    ####...

Skill      XL: |  1  2 |
---------------+-------+-----
Shields        | 1 |  1.0
Dodging        | |  2.4
Stealth        | |  2.4
Spellcasting   | |  3.8
Conjurations   | |  4.8

Action                   || total
-------------------------++-------
 Cast: Magic Dart        ||    46
Dodge: Dodged            ||     1
Block: Buckler           ||     1

Inventory:

Hand Weapons
 a - a +1 dagger of venom (weapon)
Armour
 f - a +0 buckler (worn)
 j - a +0 robe (worn)
Scrolls
 b - a scroll of teleportation {unknown}
 c - a scroll of immolation {unknown}
 g - a scroll of enchant weapon {unknown}
 i - a scroll of identify {unknown}
Comestibles
 d - 3 chunks of flesh
 e - 2 rations


You were on level 2 of the Dungeon.
You were not hungry.

You visited 1 branch of the dungeon, and saw 2 of its levels.

You collected 63 gold pieces.

Dungeon Overview and Level Annotations

Branches:
Dungeon (2/15)

Altars:

Annotations:
D:2 Natasha

#.......#
###....####
#.......######
#.##..#......#
#.##..#......#
..##.........#
##.###.#......#
#.[..........#
#.....@.######
#.##.5h## #
#.#.# #.#.#
....# ## #..
#.# ...


You could see Natasha and a white imp.

Notes
Turn   | Place    | Note
-------+----------+-------------------------------------------
     0 | D:1      | theanonym the Deep Elf Conjurer began the quest for the
                  | Orb.
     0 | D:1      | Reached XP level 1. HP: 10/10 MP: 6/6
   225 | D:1      | Reached XP level 2. HP: 15/15 MP: 6/8
   753 | D:2      | Reached skill level 1 in Shields
   753 | D:2      | Reached XP level 3. HP: 14/19 MP: 7/10
   848 | D:2      | Noticed Natasha
   853 | D:2      | HP: 8/19 [white imp[Natasha] (3)]
   854 | D:2      | HP: 3/19 [white imp[Natasha] (1)]
   854 | D:2      | Slain by a white imp

Vanquished Creatures
  An ooze (D:1)
  A dart slug (D:2)
  A ball python (D:1)
  2 giant cockroaches (D:1)
  3 hobgoblins
  5 kobolds (D:1)
  3 bats
  2 frilled lizards (D:1)
  4 goblins (D:1)
  3 rats (D:1)
25 creatures vanquished.

Table legend:
 A = Turns spent in this place as a percentage of turns spent in the entire game.
 B = Non-inter-level travel turns spent in this place as a percentage of non-inter-level travel turns spent in the entire game.
 C = Inter-level travel turns spent in this place as a percentage of turns spent in this place.
 D = Turns resting spent in this place as a percentage of non-inter-level travel turns spent in this place.
 E = Turns spent auto-exploring this place as a percentage of non-inter-level travel turns spent in this place.
 F = Non-inter-level travel turns spent in this place divided by the number of levels of this place that you've seen.
                   A       B       C       D       E      F
               +-------+-------+-------+-------+-------+----------------------
         Total | 100.0 | 100.0 |   3.3 |  18.8 |  66.3 | 413.0
       Dungeon | 100.0 | 100.0 |   3.3 |  18.8 |  66.3 | 413.0
               +-------+-------+-------+-------+-------+----------------------
